Dernière mise à jour: 2025-12-07 16:11:59
% Time on Ice - LOS ANGELES SEALS
Lines # - Real PCT - Wanted PCT - Time Play
Normal Forward
1 - 34% - 33% - 16:22
2 - 31% - 29% - 15:11
3 - 30% - 28% - 14:24
4 - 5% - 10% - 2:19
Normal Defense
1 - 39% - 38% - 18:35
2 - 34% - 34% - 16:29
3 - 27% - 25% - 13:12
4 - 0% - 3% - 0:00
PP Forward
1 - 53% - 70% - 3:05
2 - 47% - 30% - 2:42
PP Defense
1 - 53% - 70% - 3:05
2 - 47% - 30% - 2:42
PK Forward
1 - 57% - 55% - 3:24
2 - 43% - 45% - 2:33
PK Defense
1 - 50% - 55% - 2:59
2 - 50% - 45% - 2:58
PK3 Forward
1 - 0% - 55%
2 - 0% - 45%
PK3 Defense
1 - 0% - 55%
2 - 0% - 45%
44 Forward
1 - 0% - 55%
2 - 0% - 45%
44 Defense
1 - 0% - 55%
2 - 0% - 45%
Last Minute Offensive  - 0:00
Last Minute Defensive  - 0:00
Total
Forward - 60:00
Defense - 60:00
% Time on Ice - ANCHORAGE ACES
Lines # - Real PCT - Wanted PCT - Time Play
Normal Forward
1 - 33% - 35% - 15:52
2 - 34% - 35% - 16:14
3 - 22% - 23% - 10:45
4 - 11% - 7% - 5:25
Normal Defense
1 - 34% - 35% - 16:27
2 - 33% - 35% - 16:01
3 - 31% - 25% - 15:05
4 - 1% - 5% - 0:43
PP Forward
1 - 46% - 50% - 2:43
2 - 54% - 50% - 3:14
PP Defense
1 - 47% - 55% - 2:48
2 - 53% - 45% - 3:09
PK Forward
1 - 54% - 55% - 3:07
2 - 46% - 45% - 2:40
PK Defense
1 - 52% - 55% - 2:59
2 - 48% - 45% - 2:48
PK3 Forward
1 - 0% - 55%
2 - 0% - 45%
PK3 Defense
1 - 0% - 55%
2 - 0% - 45%
44 Forward
1 - 0% - 50%
2 - 0% - 50%
44 Defense
1 - 0% - 55%
2 - 0% - 45%
Last Minute Offensive  - 0:00
Last Minute Defensive  - 0:00
Total
Forward - 60:00
Defense - 60:00
Play-by-Play 1st period 0:01 of 1st period - Steven Stamkos wins face-off versus Connor McDavid in neutral zone. 0:18 of 1st period - Shot by Steven Stamkos. 0:18 of 1st period - Stopped by Darcy Kuemper without a rebound. 0:19 of 1st period - Nathan MacKinnon wins face-off versus Marco Rossi in ANCHORAGE ACES zone. 0:36 of 1st period - Shot by David Perron. 0:36 of 1st period - Goal by David Perron - LOS ANGELES SEALS : 0 - ANCHORAGE ACES : 1. 0:37 of 1st period - Mikael Backlund wins face-off versus Colin Blackwell in neutral zone. 1:06 of 1st period - Shot by Ross Colton. 1:06 of 1st period - Shot Misses the Net. 1:16 of 1st period - Shot by Erik Haula. 1:16 of 1st period - Stopped by Jeremy Swayman without a rebound. 1:17 of 1st period - Mason McTavish wins face-off versus Phillip Danault in LOS ANGELES SEALS zone. 2:00 of 1st period - Shot by David Perron. 2:00 of 1st period - Shot Misses the Net. 2:03 of 1st period - Icing by Alex Pietrangelo. 2:04 of 1st period - Connor McDavid wins face-off versus Mason McTavish in LOS ANGELES SEALS zone. 2:40 of 1st period - Shot by Connor McDavid. 2:40 of 1st period - Stopped by Jeremy Swayman without a rebound. 2:41 of 1st period - Mikael Backlund wins face-off versus Sam Carrick in LOS ANGELES SEALS zone. 2:48 of 1st period - Shot by Mark Stone. 2:48 of 1st period - Shot Misses the Net. 3:22 of 1st period - Shot by Mikael Backlund. 3:22 of 1st period - Shot Blocked by Sam Carrick. 4:23 of 1st period - Shot by Yegor Sharangovich. 4:23 of 1st period - Stopped by Jeremy Swayman without a rebound. 4:24 of 1st period - Marco Rossi wins face-off versus Nathan MacKinnon in LOS ANGELES SEALS zone. 4:28 of 1st period - Off-side. 4:29 of 1st period - Steven Stamkos wins face-off versus Stefan Noesen in neutral zone. 4:52 of 1st period - Shot by Tom Wilson. 4:52 of 1st period - Stopped by Darcy Kuemper with a rebound. 4:54 of 1st period - Shot by Frank Vatrano. 4:54 of 1st period - Shot Misses the Net. 5:04 of 1st period - Shot by Steven Stamkos. 5:04 of 1st period - Stopped by Darcy Kuemper without a rebound. 5:05 of 1st period - Nathan MacKinnon wins face-off versus Marco Rossi in ANCHORAGE ACES zone. 5:15 of 1st period - Off-side. 5:16 of 1st period - Marco Rossi wins face-off versus Colin Blackwell in neutral zone. 5:34 of 1st period - Shot by Ross Colton. 5:34 of 1st period - Shot Misses the Net. 5:37 of 1st period - Colin Blackwell is hit by Noah Dobson and loses puck. 5:41 of 1st period - Minor Penalty to Ross Colton for Hooking. 5:42 of 1st period - Connor McDavid wins face-off versus Steven Stamkos in ANCHORAGE ACES zone. 6:05 of 1st period - Shot by Mark Stone. 6:05 of 1st period - Stopped by Darcy Kuemper without a rebound. 6:06 of 1st period - Marco Rossi wins face-off versus Connor McDavid in ANCHORAGE ACES zone. 6:52 of 1st period - Shot by Noah Dobson. 6:52 of 1st period - Shot Misses the Net. 6:54 of 1st period - Shot by Alex Pietrangelo. 6:54 of 1st period - Shot Misses the Net. 7:04 of 1st period - Shot by Matthew Boldy. 7:04 of 1st period - Stopped by Darcy Kuemper without a rebound. 7:05 of 1st period - David Gust wins face-off versus Steven Stamkos in ANCHORAGE ACES zone. 7:46 of 1st period - Shot by Frank Vatrano. 7:46 of 1st period - Stopped by Darcy Kuemper with a rebound. 8:03 of 1st period - Shot by Frank Vatrano. 8:03 of 1st period - Stopped by Darcy Kuemper without a rebound. 8:04 of 1st period - Nathan MacKinnon wins face-off versus Marco Rossi in ANCHORAGE ACES zone. 8:32 of 1st period - Shot by Phillip Danault. 8:32 of 1st period - Shot Misses the Net. 8:34 of 1st period - Shot by David Perron. 8:34 of 1st period - Stopped by Jeremy Swayman with a rebound. 8:59 of 1st period - Shot by Yegor Sharangovich. 8:59 of 1st period - Shot Blocked by Alex Pietrangelo. 9:34 of 1st period - Frank Vatrano is hit by Ryan Pulock. 10:19 of 1st period - Shot by Colin Blackwell. 10:19 of 1st period - Shot Blocked by Mikael Backlund. 10:45 of 1st period - Shot by Mikael Backlund. 10:45 of 1st period - Shot Misses the Net. 10:49 of 1st period - Shot by Anthony Duclair. 10:49 of 1st period - Shot Misses the Net. 10:57 of 1st period - Shot by Mikael Backlund. 10:57 of 1st period - Stopped by Darcy Kuemper without a rebound. 10:58 of 1st period - Marco Rossi wins face-off versus Nathan MacKinnon in ANCHORAGE ACES zone. 11:30 of 1st period - Claude Giroux is hit by David Perron and loses puck. 11:57 of 1st period - Shot by Yegor Sharangovich. 11:57 of 1st period - Goal by Yegor Sharangovich - LOS ANGELES SEALS : 0 - ANCHORAGE ACES : 2. 11:58 of 1st period - Steven Stamkos wins face-off versus Stefan Noesen in neutral zone. 11:58 of 1st period - Frank Vatrano is hit by Connor McDavid and loses puck. 12:21 of 1st period - Gustav Forsling is hit by Stefan Noesen and loses puck. 14:19 of 1st period - Icing by Anthony Duclair. 14:20 of 1st period - Mikael Backlund wins face-off versus Connor McDavid in LOS ANGELES SEALS zone. 14:33 of 1st period - Shot by Connor McDavid. 14:33 of 1st period - Stopped by Jeremy Swayman without a rebound. 14:34 of 1st period - Sam Carrick wins face-off versus Steven Stamkos in LOS ANGELES SEALS zone. 15:07 of 1st period - Shot by Tom Wilson. 15:07 of 1st period - Shot Blocked by Jakob Chychrun. 15:52 of 1st period - Nathan MacKinnon is hit by Noah Dobson and loses puck. 16:44 of 1st period - Shot by Matthew Boldy. 16:44 of 1st period - Stopped by Darcy Kuemper without a rebound. 16:45 of 1st period - Ross Colton wins face-off versus Mikael Backlund in ANCHORAGE ACES zone. 17:02 of 1st period - Shot by Mikael Backlund. 17:02 of 1st period - Stopped by Darcy Kuemper without a rebound. 17:03 of 1st period - Marco Rossi wins face-off versus Sam Carrick in ANCHORAGE ACES zone. 17:06 of 1st period - Shot by Matthew Boldy. 17:06 of 1st period - Stopped by Darcy Kuemper without a rebound. 17:07 of 1st period - Nathan MacKinnon wins face-off versus Marco Rossi in ANCHORAGE ACES zone. 17:28 of 1st period - Shot by Marco Rossi. 17:28 of 1st period - Goal by Marco Rossi - LOS ANGELES SEALS : 1 - ANCHORAGE ACES : 2. 17:29 of 1st period - Mikael Backlund wins face-off versus Stefan Noesen in neutral zone. 17:29 of 1st period - Mark Stone is hit by Stefan Noesen and loses puck. 17:40 of 1st period - Shot by Anthony Duclair. 17:40 of 1st period - Stopped by Darcy Kuemper without a rebound. 17:41 of 1st period - Matthew Boldy wins face-off versus Nathan MacKinnon in ANCHORAGE ACES zone. 17:45 of 1st period - Marco Rossi is hit by Ryan Pulock and loses puck. 18:15 of 1st period - Matthew Boldy is hit by Ryan Pulock and loses puck. 18:23 of 1st period - Minor Penalty to Ryan Pulock for Interference. 18:24 of 1st period - Steven Stamkos wins face-off versus Connor McDavid in ANCHORAGE ACES zone. 18:41 of 1st period - Noah Dobson is hit by Brenden Dillon and loses puck. 19:02 of 1st period - Shot by Matthew Boldy. 19:02 of 1st period - Shot Blocked by Alexander Romanov. 19:22 of 1st period - Phillip Danault is hit by Tom Wilson and loses puck. Goals for this period are 1 for LOS ANGELES SEALS vs 2 for ANCHORAGE ACES. Shots for this period are 13 for LOS ANGELES SEALS vs 7 for ANCHORAGE ACES. 2nd period 0:01 of 2nd period - Steven Stamkos wins face-off versus Connor McDavid in neutral zone. 0:12 of 2nd period - Shot by Steven Stamkos. 0:12 of 2nd period - Goal by Steven Stamkos - LOS ANGELES SEALS : 2 - ANCHORAGE ACES : 2. 0:13 of 2nd period - Mason McTavish wins face-off versus Nathan MacKinnon in neutral zone. 0:31 of 2nd period - Shot by David Perron. 0:31 of 2nd period - Stopped by Jeremy Swayman with a rebound. 0:39 of 2nd period - Shot by Frank Vatrano. 0:39 of 2nd period - Goal by Frank Vatrano - LOS ANGELES SEALS : 3 - ANCHORAGE ACES : 2. 0:40 of 2nd period - Connor McDavid wins face-off versus Marco Rossi in neutral zone. 1:27 of 2nd period - Icing by Alex Pietrangelo. 1:28 of 2nd period - Marco Rossi wins face-off versus Nathan MacKinnon in LOS ANGELES SEALS zone. 1:28 of 2nd period - Marco Rossi is hit by David Perron. 1:43 of 2nd period - Icing by Noah Dobson. 1:44 of 2nd period - Colin Blackwell wins face-off versus Marco Rossi in LOS ANGELES SEALS zone. 1:49 of 2nd period - Shot by Erik Haula. 1:49 of 2nd period - Shot Misses the Net. 1: